 Dungeon Crawl Stone Soup version 0.19-a0-1851-g3228ea0 (webtiles) character file.

565842 graki42 the Minotaur Barricade (level 25, -9/237 (238) HPs)
             Began as a Minotaur Fighter on Oct 10, 2016.
             Was the Champion of the Shining One.
             Engulfed by an ushabti's foul pestilence (12 damage)
             ... on level 1 of the Tomb of the Ancients on Oct 11, 2016.
             The game lasted 05:08:25 (59244 turns).

graki42 the Minotaur Barricade (Minotaur Fighter)  Turns: 59244, Time: 05:08:26

HP:   -9/237 (238)  AC: 42    Str: 27      XL:     25   Next: 49%
MP:   36/36         EV: 11    Int:  0 (5)  God:    the Shining One [******]
Gold: 2082          SH: 39    Dex: 19 (21) Spells: 0 memorised, 24 levels left

rFire  + + .     SeeInvis +     B - +4 scimitar (holy)
rCold  + . .     Gourm    .     n - +7 gold dragon scales
rNeg   + + +     Faith    .     X - +8 large shield
rPois  +         Spirit   .     x - +2 hat {SInv}
rElec  .         Dismiss  .     p - +2 cloak
rCorr  .         Reflect  +     G - +2 pair of gloves {Str+3}
MR     +++..     Harm     .     Y - +2 pair of boots {Fly}
Stlth  ..........               U - amulet "Abonow Pang" {Reflect MR+ SH+3}
                                J - ring of protection from fire
                                t - ring of protection from magic

@: flying, slowed, lost intelligence, glowing, very slow
A: retaliatory headbutt, horns 2, strong 1
a: Divine Shield, Cleansing Flame, Summon Divine Warrior, Brand Weapon With Holy
Wrath, Renounce Religion, Stop Flying
}: 3/15 runes: decaying, silver, gossamer


You were on level 1 of the Tomb of the Ancients.
You worshipped the Shining One.
The Shining One was exalted by your worship.
You were not hungry.

You visited 10 branches of the dungeon, and saw 45 of its levels.
You visited 2 bazaars.
You also visited: Labyrinth and Ice Cave.

You collected 6571 gold pieces.
You spent 4489 gold pieces at shops.

Inventory:

Hand Weapons
 u - a +7 scimitar of flaming
 v - a +1 scimitar of freezing
 B - a +4 scimitar of holy wrath (weapon)
Armour
 n - +7 gold dragon scales (worn)
 p - a +2 cloak (worn)
 x - a +2 hat of see invisible (worn)
 G - a +2 pair of gloves of strength (worn)
 X - a +8 large shield (worn)
 Y - a +2 pair of boots of flying (worn)
Jewellery
 t - a ring of protection from magic (left hand)
 J - a ring of protection from fire (right hand)
 Q - an uncursed ring of protection from cold
 R - an uncursed ring of resist corrosion
 U - the amulet "Abonow Pang" (around neck) {Reflect MR+ SH+3}
   (You found it on level 15 of the Dungeon)

   [amulet of reflection]

   It shields you and reflects attacks.
   It affects your resistance to hostile enchantments.
   It affects your SH (+3).
Wands
 c - a wand of hasting (7/9)
 r - a wand of hasting (1/9)
 S - a wand of digging (17/24)
Scrolls
 a - a scroll of fear
 b - a scroll of summoning
 e - 9 scrolls of remove curse
 g - 22 scrolls of identify
 h - a scroll of silence
 i - 7 scrolls of teleportation
 k - a scroll of enchant weapon
 s - 3 scrolls of recharging
 w - a scroll of fog
 E - 5 scrolls of blinking
 T - 4 scrolls of magic mapping
Potions
 d - 5 potions of might
 l - 17 potions of curing
 m - 2 potions of heal wounds
 q - 3 potions of resistance
 F - a potion of berserk rage
 M - a potion of cure mutation
Comestibles
 f - 25 bread rations
 j - 4 fruits


   Skills:
 + Level 22.0 Fighting
 + Level 23.6 Long Blades
 + Level 18.4 Armour
 + Level 7.5 Dodging
 O Level 27 Shields
 * Level 20.5 Invocations


You had 24 spell levels left.
You didn't know any spells.

Dungeon Overview and Level Annotations

Branches:
Dungeon (15/15)            Temple (1/1) D:4            Lair (6/6) D:10
  Swamp (4/4) Lair:2       Spider (4/4) Lair:4        Slime (0/5) Lair:6
    Orc (2/2) D:12            Elf (3/3) Orc:2        Vaults (5/5) D:13
  Crypt (3/3) Vaults:3       Tomb (2/3) Crypt:3      Depths (0/5) D:15

Altars:
Ashenzari
Cheibriados
Dithmenos
Elyvilon
Fedhas
Gozag
Hepliaklqana
Kikubaaqudgha
Makhleb
Nemelex Xobeh
Okawaru
Qazlal
Ru
Sif Muna
Trog
Uskayaw
Vehumet
Xom
Yredelemnul
Zin
The Shining One
Beogh

Shops:
D:5 ?   D:8 =   Orc:1 }   Orc:2 [?[!   Elf:3 *   Vaults:1 }   Vaults:2 [
Vaults:3 (?=   Vaults:5 ?


Innate Abilities, Weirdness & Mutations

You reflexively headbutt those who attack you in melee.
You have a pair of horns on your head.
Your muscles are strong. (Str +2)


Message History

* * * LOW HITPOINT WARNING * * *
The greater mummy casts a spell.
The greater mummy calls on the powers of darkness!
The emperor scorpion convulses!
Your body is wracked with pain!
* * * LOW HITPOINT WARNING * * *
The mana viper convulses! x2
The ushabti shakes and rattles.
The vile air hits the jiangshi.
The vile air hits you!
You block the emperor scorpion's attack. x2
The emperor scorpion claws you but does no damage.
The greater mummy casts a spell.
The red devil barely misses you.
The greater mummy hits you but does no damage.
The greater mummy mumbles some strange words.
The greater mummy hits you.
* * * LOW HITPOINT WARNING * * *
You almost manage to decipher the scroll, but fail in this attempt.
You are engulfed in dark miasma.
You feel your flesh rotting away!
You die...

.................................
.##################.......#######
.# #### #.8...8.# ## .# ....#
#.......# ##. .# ...M.# #.......#
##.. .# #...# #.8...8.# ##... .#
#..W###.......###...# .#
#4sM##.......##...#. .#
..8ยงยง#M@##.8...8.##..#.. .# ..8
#ZMV##.......##...#. .# .
#MS8###.......###...# .#


#MMZ# #.8...8.# ##... .# .MZS# #.......# ##.. .# .n.W# ##(''''## ##. .#
##############.^^...^####### .# #........................... .#
#........................... You could see 5 greater mummies, an emperor
scorpion, a jiangshi, a phantasmal warrior, 2 mana vipers, 2 guardian mummies,
an ushabti, a freezing wraith, a spectral ettin, a red devil, a necrophage, a
mummy, a stone giant simulacrum and an alligator zombie.

Vanquished Creatures
  Khufu (Crypt:1)
  2 ancient liches
  24 greater mummies
  Saint Roka (Vaults:1)
  A curse toe (Crypt:3)
  4 golden dragons (Vaults:5)
  A bone dragon (Crypt:3)
  Jory (Crypt:1)
  Arachne (Spider:4)
  A shard shrike zombie (Crypt:3)
  The ghost of IKeelU2 the Hawkeye, an adept OgBe of Trog (Spider:4)
  3 liches
  3 tentacled monstrosities (Vaults:5)
  4 titans
  3 deep elf blademasters
  2 thorn hunters (Swamp:3)
  10 ancient champions
  Agnes (D:14)
  9 sphinxes
  Gastronok (D:9)
  8 shadow dragons
  5 tengu reavers (Vaults:5)
  2 storm dragons (Vaults:5)
  4 revenants (Crypt:3)
  5 frost giants
  2 fire giants
  2 iron dragons (Vaults:4)
  Louise (D:15)
  11 deep elf sorcerers
  4 ghost moths
  4 deep elf elementalists (Elf:3)
  13 vault wardens
  7 emperor scorpions
  6 ghouls
  15 ironheart preservers
  6 stone giants
  3 curse skulls
  A very ugly thing (Swamp:3)
  3 war gargoyles
  6 vampire knights
  5 entropy weavers
  4 bennus
  Nessos (D:12)
  5 deep elf demonologists (Elf:3)
  Azrael (D:14)
  10 deep elf annihilators
  3 spark wasps (Spider:4)
  6 ettins
  9 deep elf death magi
  4 eidola
  9 jiangshi (Crypt:3)
  A minotaur (Lab)
  A crystal guardian (Vaults:4)
  14 mummy priests
  16 yaktaur captains
  3 deep elf high priests (Elf:3)
  Josephine (D:15)
  2 ice dragons
  2 rakshasas
  Fannar (Lair:1)
  29 vault guards
  21 hydras
  A great orb of eyes (Vaults:4)
  Erolcha (D:13)
  2 ghost crabs
  Erica (D:8)
  2 death knights
  8 centaur warriors
  A catoblepas (Lair:6)
  14 ogre magi
  35 dancing weapons
  5 deep troll shamans
  3 death yaks (Lair:6)
  An anaconda (shapeshifter) (Vaults:1)
  12 death scarabs (Tomb:1)
  8 vampire magi
  A tengu warrior (D:13)
  8 alligators
  3 orc high priests (Orc:2)
  3 titan zombies
  2 small abominations (Vaults:4)
  Sonja (D:14)
  19 deep elf knights
  3 shadow wraiths
  3 wizards
  15 deep trolls
  30 skeletal warriors
  11 unseen horrors
  11 swamp dragons
  2 spriggan druids (Swamp:3)
  A glowing orange brain (Vaults:5)
  An unseen horror (shapeshifter) (Vaults:4)
  7 flayed ghosts
  5 hill giants
  A golden dragon skeleton (Crypt:2)
  2 shambling mangroves
  9 deep elf archers
  12 orc knights
  5 phantasmal warriors
  A wolf spider zombie (D:11)
  9 harpies
  77 deep elf magi
  52 ugly things
  A shadow dragon zombie (Crypt:3)
  2 anaconda skeletons
  19 ironbrand convokers
  3 orc sorcerers (Orc:2)
  30 wolf spiders
  17 orb spiders
  A fire giant zombie (Crypt:3)
  5 necromancers
  2 shadow dragon skeletons
  3 manticores
  An orb spider (shapeshifter) (Vaults:5)
  A faun (shapeshifter) (Vaults:5)
  3 moths of wrath
  5 cyclopes
  15 elephants
  6 black mambas
  11 vault sentinels
  An ice statue (IceCv)
  A black mamba (shapeshifter) (Vaults:4)
  3 gargoyles
  2 frost giant skeletons
  A torpor snail (shapeshifter) (Vaults:1)
  2 titan simulacra
  5 rime drakes
  2 torpor snails
  4 komodo dragons
  14 demonic crawlers
  18 spiny frogs
  A rime drake (shapeshifter) (Vaults:5)
  A catoblepas zombie (Crypt:3)
  A dire elephant skeleton (Tomb:1)
  2 kobold demonologists
  43 yaktaurs
  17 freezing wraiths
  20 guardian mummies
  A queen bee (shapeshifter) (Vaults:2)
  A grey draconian skeleton (Crypt:1)
  A hydra zombie (Crypt:1)
  22 jumping spiders
  A wolf spider simulacrum (IceCv)
  A tyrant leech (shapeshifter) (Vaults:1)
  10 trolls
  17 two-headed ogres
  7 tyrant leeches
  21 hornets
  13 blink frogs
  2 ice dragon zombies
  A dream sheep (shapeshifter) (Vaults:4)
  A harpy skeleton (Crypt:1)
  10 hippogriffs
  14 bog bodies
  2 ettin zombies (Tomb:1)
  14 slime creatures
  A raiju (shapeshifter) (Vaults:5)
  A meliai zombie (D:13)
  8 dream sheep
  An ice dragon skeleton (Crypt:3)
  57 redbacks
  2 spriggans (shapeshifter)
  2 air elementals
  17 flying skulls
  A satyr zombie (Crypt:2)
  5 shadows
  32 tarantellas
  2 wyverns (Lair:6)
  9 spriggans
  6 fire elementals
  10 ushabtiu
  2 water elementals (Elf:1)
  2 vampires (Crypt:3)
  A fire dragon skeleton (Crypt:1)
  16 wraiths
  48 yaks
  A human (shapeshifter) (Elf:1)
  3 basilisks
  A hungry ghost (D:10)
  25 vampire mosquitoes
  13 insubstantial wisps
  8 wargs
  14 swamp worms
  A merfolk zombie (Crypt:1)
  8 porcupines
  3 mottled dragons
  13 water moccasins
  A spiny frog zombie (Crypt:3)
  A deep troll zombie (Crypt:1)
  4 hell hounds (D:14)
  13 swamp drakes
  A black bear (Lair:4)
  17 ice beasts
  34 orc warriors
  A phantom (D:7)
  An elephant zombie (Crypt:3)
  64 ogres
  11 necrophages
  An alligator simulacrum (IceCv)
  23 wolves
  A boggart (Elf:3)
  31 centaurs
  11 crocodiles
  A manticore skeleton (Crypt:1)
  2 crocodiles (shapeshifter) (Vaults:4)
  5 big kobolds
  3 gnoll sergeants (D:12)
  8 bullfrogs
  An elf zombie (Crypt:1)
  2 wyvern zombies
  2 glowing shapeshifter simulacra
  5 earth elementals
  A water moccasin zombie (D:8)
  A shapeshifter zombie (Crypt:1)
  2 wyvern skeletons
  3 scorpions
  A warg skeleton (Crypt:3)
  A manticore simulacrum (Crypt:1)
  An elephant simulacrum (IceCv)
  9 killer bees
  22 wights
  3 electric eels
  9 howler monkeys
  5 crimson imps
  3 centaur zombies
  A bullfrog zombie (D:8)
  2 draconian simulacra (IceCv)
  A yaktaur simulacrum (Vaults:1)
  A basilisk zombie (Crypt:3)
  4 human zombies
  2 jellies
  3 hounds
  27 orc wizards
  10 centaur skeletons
  A gnoll shaman (D:4)
  19 orc priests
  4 bullfrog skeletons
  A porcupine zombie (Crypt:2)
  5 iguanas
  9 worker ants
  Natasha (twice) (D:3)
  5 hell rats (Lair:3)
  A spriggan simulacrum (IceCv)
  5 troll simulacra (IceCv)
  A wolf simulacrum (IceCv)
  A mottled dragon zombie (Crypt:1)
  3 centaur simulacra (IceCv)
  A crocodile zombie (Crypt:1)
  A dwarf skeleton (Crypt:3)
  4 hound zombies
  A tengu skeleton (Crypt:2)
  A hound skeleton (D:11)
  31 mummies
  A hell rat zombie (Crypt:2)
  A howler monkey zombie (D:8)
  2 worker ant zombies
  21 gnolls
  13 adders
  4 naga simulacra (IceCv)
  A river rat (Lair:6)
  5 ogre simulacra (IceCv)
  3 shadow imps
  12 white imps (IceCv)
  An ooze (D:5)
  An adder skeleton (D:4)
  A lava snake skeleton (Crypt:2)
  2 worms
  9 leopard geckos
  93 orcs
  4 bats
  7 giant cockroaches
  4 goblins
  10 hobgoblins
  5 jackals
  5 quokkas
  2 ball pythons
  2 frilled lizards
  19 kobolds
  A leopard gecko skeleton (D:4)
  A leopard gecko zombie (D:9)
  An orc zombie (D:10)
  2 quokka skeletons
  6 rats
2124 creatures vanquished.

Vanquished Creatures (collateral kills)
  2 greater mummies (Tomb:2)
  Xtahua (Vaults:2)
  A golden dragon (Vaults:5)
  Asterion (Vaults:2)
  A sphinx (Tomb:1)
  2 stone giants
  2 entropy weavers
  2 vault guards (Vaults:4)
  A dancing weapon (Vaults:4)
  A deep troll (Vaults:2)
  An unseen horror (shapeshifter) (Vaults:2)
  An orc knight (Orc:2)
  A lindwurm (shapeshifter) (Vaults:4)
  2 orb spiders
  A wolf spider (Spider:3)
  A moth of wrath (Spider:1)
  A freezing wraith (Crypt:1)
  A jumping spider (Spider:4)
  6 redbacks
  A fire dragon skeleton (Tomb:2)
  2 orc warriors (Orc:2)
  A centaur (Vaults:2)
33 creatures vanquished.

Vanquished Creatures (others)
  2 deep elf master archers (Elf:3)
  A frost giant (Vaults:5)
  3 stone giants
  2 centaur warriors
  A deep troll earth mage (Vaults:4)
  7 death scarabs
  A titan zombie (Tomb:2)
  2 deep elf knights (Elf:2)
  3 deep trolls (Vaults:4)
  3 deep elf archers
  A deep elf mage (Orc:2)
  2 ugly things (Vaults:3)
  2 cyclopes (Vaults:1)
  13 yaktaurs
  2 guardian mummies
  2 jumping spiders
  A dream sheep (Lair:6)
  A bog body (Swamp:3)
  5 flying skulls
  An ushabti (Tomb:2)
  An orc warrior (Vaults:5)
  A spiny frog skeleton (Tomb:2)
  An eye of draining (shapeshifter) (Elf:1)
  An ogre (Vaults:4)
  An ogre (shapeshifter) (Vaults:5)
  2 centaurs
  7 mummies
  An orc (Vaults:5)
  8 fungi
78 creatures vanquished.

Grand Total: 2235 creatures vanquished

Notes
Turn   | Place    | Note
-------+----------+-------------------------------------------
     0 | D:1      | graki42 the Minotaur Fighter began the quest for the Orb.
     0 | D:1      | Reached XP level 1. HP: 19/19 MP: 0/0
    61 | D:1      | Reached XP level 2. HP: 18/27 MP: 1/1
    97 | D:1      | Reached skill level 4 in Shields
   772 | D:2      | Reached XP level 3. HP: 32/33 MP: 2/2
   926 | D:2      | Reached XP level 4. HP: 40/40 MP: 3/3
  1374 | D:3      | Noticed Natasha
  1383 | D:3      | Killed Natasha
  1442 | D:3      | Noticed Natasha
  1455 | D:3      | Killed Natasha
  1455 | D:3      | Reached XP level 5. HP: 4/47 MP: 4/4
  1995 | D:4      | Reached skill level 1 in Dodging
  1995 | D:4      | Reached skill level 5 in Shields
  2140 | D:4      | Reached skill level 5 in Armour
  2271 | D:4      | Found a staircase to the Ecumenical Temple.
  2290 | D:4      | Reached XP level 6. HP: 55/55 MP: 5/5
  2298 | Temple   | Entered the Ecumenical Temple
  2548 | D:4      | Reached skill level 5 in Long Blades
  2684 | D:4      | Found an iron altar of Okawaru.
  2685 | D:4      | Found a glowing golden altar of the Shining One.
  2692 | D:4      | Became a worshipper of the Shining One
  2895 | D:5      | Entered Level 5 of the Dungeon
  2935 | D:5      | Found Ympoluc's Magic Scroll Shoppe.
  2938 | D:5      | Bought a scroll of enchant weapon for 112 gold pieces
  2938 | D:5      | Bought a scroll of enchant weapon for 112 gold pieces
  3598 | D:5      | Found a hazy altar of Hepliaklqana.
  3682 | D:5      | Reached XP level 7. HP: 60/60 MP: 6/6
  4036 | D:5      | Reached skill level 5 in Fighting
  4364 | D:6      | Reached * piety under the Shining One
  4370 | D:6      | Reached skill level 6 in Shields
  4396 | D:6      | Reached XP level 8. HP: 42/68 MP: 7/7
  4802 | D:7      | Found a stormy altar of Qazlal.
  4828 | D:7      | Reached skill level 7 in Shields
  5370 | D:7      | Reached skill level 8 in Shields
  5380 | D:7      | Reached XP level 9. HP: 50/75 MP: 8/8
  5481 | D:7      | Reached ** piety under the Shining One
  5736 | D:8      | Reached skill level 1 in Invocations
  5786 | D:8      | Identified the Collected Works on Twisted Transmutation
  5786 | D:8      | Noticed Erica
  5807 | D:8      | Killed Erica
  5807 | D:8      | Reached skill level 10 in Long Blades
  6012 | D:8      | Found Wumyez's Jewellery Boutique.
  6243 | D:8      | Found a white marble altar of Elyvilon.
  6243 | D:8      | Found a glowing silver altar of Zin.
  6250 | D:8      | Reached skill level 9 in Shields
  6472 | D:9      | Reached XP level 10. HP: 86/86 MP: 11/11
  6620 | D:9      | Noticed Gastronok
  6630 | D:9      | Killed Gastronok
  6720 | D:9      | Reached *** piety under the Shining One
  6723 | D:9      | Reached skill level 10 in Shields
  6886 | D:9      | Found a roughly hewn altar of Beogh.
  6985 | D:10     | Entered Level 10 of the Dungeon
  7065 | D:10     | Reached XP level 11. HP: 95/95 MP: 13/13
  7127 | D:10     | Reached skill level 5 in Invocations
  7154 | D:10     | Found a staircase to the Lair.
  7169 | D:10     | Noticed a hill giant
  7185 | D:10     | Killed a hill giant
  7394 | D:10     | Noticed an unseen horror
  7400 | D:10     | Killed an unseen horror
  7651 | D:10     | Reached **** piety under the Shining One
  7670 | D:10     | Found a basalt altar of Yredelemnul.
  7836 | D:10     | Noticed an unseen horror
  7841 | D:10     | Killed an unseen horror
  7890 | Lair:1   | Entered Level 1 of the Lair of Beasts
  7960 | Lair:1   | Noticed Fannar
  7976 | Lair:1   | Killed Fannar
  8424 | Lair:1   | Reached skill level 11 in Shields
  9027 | Lair:2   | Reached XP level 12. HP: 105/105 MP: 16/16
  9042 | Lair:2   | Reached skill level 10 in Armour
  9081 | Lair:2   | Found a staircase to the Swamp.
  9104 | Lair:2   | Noticed a seven-headed hydra
  9111 | Lair:2   | Killed a two-headed hydra
  9286 | Lair:2   | Reached ***** piety under the Shining One
  9732 | Lair:3   | Reached skill level 10 in Fighting
 10069 | Lair:3   | Reached skill level 12 in Shields
 10355 | Lair:4   | Found a frozen archway.
 10395 | IceCv    | Entered an ice cave
 10548 | IceCv    | Found an ancient bone altar of Kikubaaqudgha.
 10549 | IceCv    | Reached ****** piety under the Shining One
 10682 | IceCv    | Reached XP level 13. HP: 92/114 MP: 18/18
 11233 | Lair:4   | Found a hole to the Spider Nest.
 11437 | Lair:4   | Reached skill level 13 in Shields
 11527 | Lair:5   | Reached skill level 15 in Long Blades
 12393 | Lair:6   | Entered Level 6 of the Lair of Beasts
 12719 | Lair:6   | Found a shadowy altar of Dithmenos.
 12744 | Lair:6   | Found a staircase to the Slime Pits.
 12909 | Lair:6   | Reached skill level 14 in Shields
 13066 | Lair:6   | Reached XP level 14. HP: 121/125 MP: 20/20
 13111 | Lair:6   | Got a fine trident
 13112 | Lair:6   | Identified the +2 trident "Evuklukk" {pierce, rPois MR+ Str-5 Dex+7} (You found it on level 6 of the Lair of Beasts)
 14118 | D:11     | Reached skill level 10 in Invocations
 14415 | D:12     | Noticed Nessos
 14425 | D:12     | Killed Nessos
 14745 | D:12     | Found a staircase to the Orcish Mines.
 14792 | D:12     | Reached skill level 15 in Shields
 14865 | Orc:1    | Entered Level 1 of the Orcish Mines
 14865 | Orc:1    | Found Kaijoud's Gadget Shoppe.
 14867 | Orc:1    | Found an iron altar of Okawaru.
 15147 | Orc:2    | Entered Level 2 of the Orcish Mines
 15434 | Orc:2    | Found a staircase to the Elven Halls.
 15926 | Orc:2    | Reached skill level 5 in Dodging
 16304 | Orc:2    | Found Jifed's Armour Emporium.
 16304 | Orc:2    | Found Diwn's Distillery.
 16306 | Orc:2    | Found Ixorag's Antique Armour Shop.
 16306 | Orc:2    | Found Wotin's Magic Scroll Emporium.
 16546 | Spider:1 | Entered Level 1 of the Spider Nest
 16700 | Spider:1 | Noticed an emperor scorpion
 16742 | Spider:1 | Killed an emperor scorpion
 17080 | Spider:1 | Reached XP level 15. HP: 134/134 MP: 22/22
 17475 | Spider:1 | Reached skill level 16 in Shields
 18324 | Spider:2 | Paralysed by a hornet for 2 turns
 19238 | Spider:2 | Reached skill level 17 in Shields
 19982 | Spider:3 | Noticed a ghost moth
 19992 | Spider:3 | Killed a ghost moth
 20640 | Spider:4 | Entered Level 4 of the Spider Nest
 20691 | Spider:4 | Noticed a ghost moth
 20711 | Spider:4 | Killed a ghost moth
 20841 | Spider:4 | Noticed Arachne
 20853 | Spider:4 | Killed Arachne
 20853 | Spider:4 | Reached XP level 16. HP: 145/145 MP: 15/23
 21321 | Spider:4 | Noticed IKeelU2's ghost (adept OgBe)
 21342 | Spider:4 | Killed IKeelU2's ghost
 21886 | Spider:4 | Reached skill level 18 in Shields
 22090 | Spider:4 | Paralysed by a hornet for 3 turns
 22551 | Spider:4 | Got a gossamer rune of Zot
 22891 | Swamp:1  | Entered Level 1 of the Swamp
 24623 | Swamp:3  | Noticed a thorn hunter
 24651 | Swamp:3  | Killed a thorn hunter
 24681 | Swamp:3  | Reached skill level 19 in Shields
 24688 | Swamp:3  | Reached XP level 17. HP: 154/154 MP: 25/25
 25386 | Swamp:4  | Entered Level 4 of the Swamp
 26408 | Swamp:4  | Got a decaying rune of Zot
 26472 | Swamp:4  | Got a pitted turquoise ring
 26794 | Lair:2   | Identified the ring "Mybbeu" {rPois MP+9 Slay+2 Stlth+} (You found it on level 4 of the Swamp)
 26947 | D:13     | Found a labyrinth entrance.
 26952 | Lab      | Entered a labyrinth
 27350 | D:13     | Reached skill level 15 in Fighting
 27398 | D:13     | Found a gate to the Vaults.
 27522 | D:13     | Noticed Erolcha
 27525 | D:13     | Killed Erolcha
 27525 | D:13     | Reached skill level 20 in Shields
 27999 | D:14     | Noticed Azrael
 28017 | D:14     | Killed Azrael
 28313 | D:14     | Noticed Agnes
 28325 | D:14     | Killed Agnes
 28528 | D:14     | Noticed Sonja
 28533 | D:14     | Killed Sonja
 28746 | D:15     | Entered Level 15 of the Dungeon
 28764 | D:15     | Noticed Josephine
 28769 | D:15     | Reached XP level 18. HP: 163/163 MP: 27/27
 28773 | D:15     | Killed Josephine
 28875 | D:15     | Noticed Louise
 28903 | D:15     | Killed Louise
 29284 | D:15     | Got a clouded crystal amulet
 29351 | D:15     | Found a staircase to the Depths.
 29602 | Lair:2   | Identified the amulet "Abonow Pang" {Reflect MR+ SH+3} (You found it on level 15 of the Dungeon)
 29759 | Elf:1    | Entered Level 1 of the Elven Halls
 30601 | Elf:1    | Reached skill level 21 in Shields
 30741 | Elf:2    | Found a gateway to a bazaar.
 30770 | Bazaar   | Entered a bazaar
 30770 | Bazaar   | Found Vupsoh's General Store.
 30777 | Bazaar   | Found Nim Rerph's Gadget Boutique.
 30785 | Bazaar   | Found Xuinte Ginn's Distillery.
 30796 | Bazaar   | Found Suriun's Antique Weapon Emporium.
 30807 | Bazaar   | Found Uruheh's Antique Armour Shop.
 30839 | Bazaar   | Bought a crude plate armour for 560 gold pieces
 30839 | Bazaar   | Bought a runed cloak for 90 gold pieces
 30870 | Bazaar   | Identified the +10 plate armour of Naippeck {MR+} (You bought it in a shop in a bazaar)
 31287 | Elf:2    | Found a huge runed gate.
 31287 | Elf:2    | Found a huge runed gate.
 31287 | Elf:2    | Found a huge runed gate.
 31287 | Elf:2    | Found a huge runed gate.
 31287 | Elf:2    | Found a huge runed gate.
 32367 | Elf:3    | Entered Level 3 of the Elven Halls
 32642 | Elf:3    | Found Ficwoz's General Store.
 32663 | Elf:3    | Reached XP level 19. HP: 172/172 MP: 29/29
 32816 | Elf:3    | Noticed a Tzitzimitl
 32832 | Elf:2    | Reached skill level 15 in Invocations
 33400 | Elf:3    | Reached skill level 22 in Shields
 33865 | Elf:3    | Reached skill level 15 in Armour
 33883 | Elf:3    | Got a glittering amber ring
 34052 | Elf:3    | Got a faintly humming scale mail
 34066 | Elf:3    | Identified Jyiwaytz's Handbook of Virous Flight
 34139 | Elf:3    | Identified the Volume of Harmful Flight
 34164 | Elf:3    | Identified the cursed +1 scale mail of the Demon Prince {rElec rC++ Dex-3} (You found it on level 3 of the Elven Halls)
 34205 | Elf:3    | Got a faintly glowing arbalest
 34211 | Elf:3    | Identified the +6 arbalest of Tuhavamu {flame, rF++ Int-2} (You found it on level 3 of the Elven Halls)
 34221 | Elf:3    | Identified the ring "Zir Mydwa" {rPois rN+ Int+3 Slay-3} (You took it off a deep elf mage on level 3 of the Elven Halls)
 34238 | Elf:3    | Gained mutation: Your muscles are strong. (Str +2) [potion of beneficial mutation]
 34239 | Elf:3    | Identified a scroll of acquirement
 34309 | Elf:3    | Got a brightly glowing broad axe {chop}
 34720 | Vaults:1 | Entered Level 1 of the Vaults
 34720 | Vaults:1 | Found Qiown's Gadget Boutique.
 34788 | Vaults:1 | Bought a wand of hasting (7/9) for 1386 gold pieces
 34829 | Vaults:1 | Noticed Saint Roka
 34867 | Vaults:1 | Killed Saint Roka
 35309 | Vaults:1 | Got a faintly glowing turquoise ring
 35608 | Vaults:1 | Reached XP level 20. HP: 158/184 MP: 30/30
 36728 | Vaults:2 | Noticed Asterion
 36729 | Vaults:2 | Noticed Xtahua
 36740 | Vaults:2 | Killed Asterion
 36752 | Vaults:2 | Killed Xtahua
 37083 | Vaults:2 | Found Gutiohina's Armour Shoppe.
 37091 | Vaults:2 | Bought a +2 pair of gloves of strength for 322 gold pieces
 37245 | Vaults:2 | Reached skill level 23 in Shields
 37781 | Vaults:3 | Found a staircase to the Crypt.
 37781 | Vaults:3 | Found an ancient bone altar of Kikubaaqudgha.
 37782 | Vaults:3 | Found a basalt altar of Yredelemnul.
 37911 | Vaults:3 | Found Gefyw's Magic Scroll Boutique.
 37918 | Vaults:3 | Bought 2 scrolls of enchant armour for 255 gold pieces
 38079 | Vaults:3 | Found Helonirr's Antique Weapon Shop.
 38225 | Vaults:3 | Found Liachuosh's Jewellery Boutique.
 38824 | Vaults:4 | Found a flickering gateway to a bazaar.
 38833 | Bazaar   | Entered a bazaar
 38836 | Bazaar   | Found Kuyw's Weapon Emporium.
 38841 | Bazaar   | Found Gootakk's General Store.
 38848 | Bazaar   | Found Wuablon's General Store.
 38850 | Bazaar   | Found Wugysaemp's Assorted Antiques.
 38860 | Bazaar   | Found Qyaps's Antique Armour Shoppe.
 38879 | Bazaar   | Bought a warped plate armour for 896 gold pieces
 38879 | Bazaar   | Bought a pair of jewelled gloves for 304 gold pieces
 38889 | Bazaar   | Identified the +3 plate armour of Tiyfofede {rCorr Dex+2} (You bought it in a shop in a bazaar)
 38899 | Bazaar   | Identified the +1 pair of gloves of Cuetyath {MR- Dex+3 SInv} (You bought it in a shop in a bazaar)
 38914 | Bazaar   | Bought a scroll of enchant armour for 180 gold pieces
 38914 | Bazaar   | Bought a pair of runed boots for 108 gold pieces
 38948 | Bazaar   | Identified the ring of Keetee {rC- MR+ Int+2 Stlth+} (You took it off an ogre mage on level 1 of the Vaults)
 39093 | Vaults:4 | Reached XP level 21. HP: 194/194 MP: 32/32
 39889 | Vaults:4 | Reached skill level 24 in Shields
 40895 | Vaults:5 | Entered Level 5 of the Vaults
 41407 | Vaults:5 | Noticed a golden dragon
 41569 | Vaults:5 | Killed a golden dragon
 42289 | Vaults:5 | Noticed a golden dragon
 42291 | Vaults:5 | Noticed a golden dragon
 42299 | Vaults:5 | Killed a golden dragon
 42299 | Vaults:5 | Reached skill level 25 in Shields
 42307 | Vaults:5 | Killed a golden dragon
 42307 | Vaults:5 | Reached XP level 22. HP: 204/204 MP: 30/33
 42449 | Vaults:5 | Identified the Tome of the Blaze
 42873 | Vaults:5 | Got a warped amber ring
 42902 | Vaults:5 | Noticed a golden dragon
 42921 | Vaults:5 | Killed a golden dragon
 43075 | Vaults:5 | Got a crude short sword
 43076 | Vaults:5 | Identified the +1 short sword "Colaic" {elec, +Inv rPois rC+ Int-2} (You found it on level 5 of the Vaults)
 43279 | Vaults:5 | Noticed an ancient lich
 43306 | Vaults:5 | Killed an ancient lich
 43651 | Vaults:5 | Reached skill level 26 in Shields
 43812 | Vaults:5 | Noticed a golden dragon
 43829 | Vaults:5 | Killed a golden dragon
 44172 | Vaults:5 | Reached XP level 23. HP: 207/213 MP: 35/35
 44226 | Vaults:5 | Got a silver rune of Zot
 44321 | Vaults:5 | Found Borit's Magic Scroll Emporium.
 44334 | Vaults:5 | Bought a scroll of enchant armour for 82 gold pieces
 44334 | Vaults:5 | Bought a scroll of enchant weapon for 82 gold pieces
 44599 | Lair:2   | Identified the ring "Gukkoq" {rPois rC+} (You took it off a vault sentinel on level 5 of the Vaults)
 44830 | Crypt:1  | Entered Level 1 of the Crypt
 44880 | Crypt:1  | Got a heavily runed scale mail
 44883 | Crypt:1  | Got a smoking short sword
 44897 | Vaults:3 | Identified the +7 short sword "Jelly's Demise" {elec, Str+2 SInv} (You found it on level 1 of the Crypt)
 44909 | Vaults:3 | Identified the +0 scale mail of Hedging {MR+ Int+4} (You found it on level 1 of the Crypt)
 45397 | Crypt:1  | Noticed Khufu
 45399 | Crypt:1  | Noticed a greater mummy
 45408 | Crypt:1  | Noticed a greater mummy
 45408 | Crypt:1  | Killed Khufu
 45414 | Crypt:1  | Killed a greater mummy
 45422 | Crypt:1  | Killed a greater mummy
 45824 | Crypt:1  | Noticed Jory
 45860 | Crypt:1  | Killed Jory
 47200 | Crypt:3  | Entered Level 3 of the Crypt
 47262 | Crypt:3  | Reached skill level 27 in Shields
 47818 | Crypt:3  | Found a staircase to the Tomb.
 47871 | Crypt:3  | Reached XP level 24. HP: 223/223 MP: 35/35
 48089 | Crypt:3  | Found an ancient bone altar of Kikubaaqudgha.
 48092 | Crypt:3  | Found a basalt altar of Yredelemnul.
 48524 | Crypt:3  | Identified the Reference Book on Darkness
 48532 | Crypt:3  | Got a smoking rapier
 48543 | Crypt:3  | Identified the +1 rapier of Indomitability {drain, rPois Str+4 Dex+3} (You found it on level 3 of the Crypt)
 48795 | Tomb:1   | Entered Level 1 of the Tomb of the Ancients
 50474 | Tomb:1   | Noticed a greater mummy
 50490 | Tomb:1   | Killed a greater mummy
 50848 | Tomb:1   | Noticed a greater mummy
 50869 | Tomb:1   | Killed a greater mummy
 51716 | Tomb:2   | Noticed a greater mummy
 51716 | Tomb:2   | Noticed a greater mummy
 51868 | Tomb:2   | Noticed a greater mummy
 52248 | Tomb:2   | Noticed an ancient lich
 52267 | Tomb:1   | Killed a greater mummy
 52548 | Tomb:1   | Killed an ancient lich
 52557 | Tomb:1   | Killed a greater mummy
 52877 | Tomb:1   | Killed a greater mummy
 53717 | Tomb:1   | Noticed a greater mummy
 53825 | Tomb:1   | Noticed a greater mummy
 53825 | Tomb:1   | Noticed a greater mummy
 53836 | Tomb:2   | Killed a greater mummy
 54108 | Tomb:1   | Noticed a greater mummy
 54272 | Tomb:1   | Noticed a greater mummy
 54273 | Tomb:1   | Noticed a greater mummy
 54274 | Tomb:1   | Noticed a greater mummy
 54286 | Tomb:2   | Killed a greater mummy
 54443 | Tomb:1   | Noticed a greater mummy
 54626 | Tomb:1   | Noticed a greater mummy
 54632 | Tomb:2   | Killed a greater mummy
 54837 | Tomb:2   | Killed a greater mummy
 54838 | Tomb:2   | Killed a greater mummy
 54842 | Tomb:2   | Killed a greater mummy
 55240 | Tomb:2   | Killed a greater mummy
 55240 | Tomb:2   | Reached XP level 25. HP: 148/217 MP: 35/35
 55660 | Tomb:2   | Killed a greater mummy
 55672 | Tomb:1   | Killed a greater mummy
 55724 | Tomb:1   | Lost intelligence.
 56999 | Tomb:1   | Noticed a greater mummy
 57781 | Tomb:1   | Killed a greater mummy
 57788 | Tomb:1   | Noticed a greater mummy
 57943 | Tomb:1   | Killed a greater mummy
 57958 | Tomb:1   | Noticed a greater mummy
 57968 | Tomb:1   | Noticed a greater mummy
 57983 | Tomb:1   | Killed a greater mummy
 57996 | Tomb:1   | Killed a greater mummy
 58119 | Tomb:1   | Noticed a greater mummy
 58345 | Tomb:1   | Killed a greater mummy
 58374 | Tomb:1   | Noticed a greater mummy
 58383 | Tomb:1   | Noticed a greater mummy
 58394 | Tomb:1   | Killed a greater mummy
 58400 | Tomb:1   | Killed a greater mummy
 58413 | Tomb:1   | Noticed a greater mummy
 58421 | Tomb:1   | Noticed a greater mummy
 58741 | Tomb:1   | Killed a greater mummy
 58748 | Tomb:1   | Killed a greater mummy
 58748 | Tomb:1   | Lost intelligence.
 58873 | Tomb:1   | Noticed a greater mummy
 58887 | Tomb:1   | Killed a greater mummy
 59216 | Tomb:1   | Noticed a greater mummy
 59222 | Tomb:1   | Noticed a greater mummy
 59237 | Tomb:1   | Noticed a greater mummy
 59237 | Tomb:1   | Noticed a greater mummy
 59237 | Tomb:1   | Noticed a greater mummy
 59238 | Tomb:1   | Noticed a greater mummy
 59239 | Tomb:1   | HP: 3/238 [greater mummy/divine providence (12)]
 59240 | Tomb:1   | Noticed a greater mummy
 59240 | Tomb:1   | The Shining One protects you from harm!
 59244 | Tomb:1   | Engulfed by an ushabti's foul pestilence

Vault maps used:
D:1:      lightli_arrival_windingriver, minmay_misc_feat_columns,
          kennysheep_doodads
D:2:      first_bread
D:3:      uniq_natasha
D:4:      kennysheep_big_flooded_room, gammafunk_temple_overflow_pools,
          serial_glass, glass_columns_a, glass_columns_a
D:5:      lemuel_coloured_pillars_altar, serial_shops, kennysheep_mini
D:6:      serial_glass, glass_columns_a, glass_columns_a, minmay_liquid_box
D:7:      basic_altar, the_bakery, minmay_misc_feat_hallway, grunt_ministairs_4
D:8:      grunt_temple_overflow_open, serial_shops, kennysheep_mini_moat,
          serial_curves, eino_curves_01, eino_curves_03, minmay_misc_feat_tiny,
          uniq_erica
D:9:      special_room, uniq_gastronok
D:10:     dpeg_lair_monsters, nrook_uturn, corexii_leaking_fountain,
          lemuel_mausoleum_altar_yredelemnul
D:12:     kennysheep_orc_monster_closet_entryway, uniq_nessos
D:13:     erik_vaults_1, lab_entry_generic, st_stairs_8, moated_statue,
          uniq_erolcha
D:14:     minmay_staircase_bubble, nicolae_straight_to_the_point, uniq_agnes,
          uniq_azrael, uniq_sonja
D:15:     grunt_enter_depths_snipers, uniq_josephine, uniq_louise
Temple:   nicolae_temple_elliptical
Lair:1:   uniq_fannar
Lair:2:   swamp_mist_pool, small_statue_intersection, serial_bayou_lagoon_a,
          grunt_megastairs_1
Lair:4:   spider_nest_entry_webs, portal_ice_cave_entry_ice_beasts
Lair:5:   minmay_holes, serial_bayou_pond_a
Lair:6:   hangedman_lair_in_review, minmay_slime_entry_pillars, basic_altar
Swamp:1:  nicolae_swamp_trees_clearing, swamp_pool5
Swamp:2:  evilmike_swamp_ruin_house_4
Swamp:3:  evilmike_swamp_ruin_house_3, swamp_pool2, roderic_carrion_pond
Swamp:4:  swamp
Spider:4: guppyfry_spider_rune, hangedman_spider_mandibles,
          nicolae_spider_cling_ruins, uniq_arachne
Orc:1:    serial_shops, nicolae_shop_waterfront, okawaru_metal_pillars_1_2
Orc:2:    grunt_orc_tribal_feast
Elf:1:    minivault_28
Elf:2:    serial_shops, bzr_entry_lakeside, kb_rosetta, basic_stair_grate_trap
Elf:3:    minmay_elf_hall_furrowed, serial_shops, nicolae_shop_waterfront,
          hangedman_elf_disciples
Vaults:1: hangedman_vaults_hat, v_misc_29, vaults_room_pool,
          ontoclasm_vaults_claustrophobia, hangedman_vaults_corner,
          nicolae_vaults_little_squares_3, serial_shops,
          nicolae_shop_window_shopping, uniq_saint_roka
Vaults:2: v_misc_29, vaults_room_stairs_pillars,
          ontoclasm_vaults_loading_screen, v_pattern_2, v_misc_11,
          nicolae_vaults_rhombus_5, v_misc_28, vaults_room_stairs_pillars,
          serial_shops, shop, uniq_xtahua, uniq_asterion
Vaults:3: v_misc_9, nicolae_vaults_circle_grid_b, ontoclasm_vaults_chip,
          vaults_room_hallway, minmay_crypt_entry_necro_gods,
          grunt_vaults_focal, vaults_mumra_hex, nicolae_vaults_murderbox,
          v_alt_pattern_2, hangedman_vaults_stream, vaults_mumra_hexcomb,
          nicolae_vaults_little_squares_1, v_misc_17, v_misc_23,
          v_alt_pattern_1, nicolae_vaults_little_squares_6, serial_shops, shop,
          shop, nicolae_shop_waterfront
Vaults:4: v_misc_5, vaults_dpeg_encased_lava, vaults_room_corners, v_misc_30,
          vaults_room_stairs_pillars, ontoclasm_vaults_bender,
          nicolae_vaults_ninety_degrees, ontoclasm_vaults_ligature,
          ontoclasm_vaults_pinch, vaults_room_stairs_pillars,
          nicolae_vaults_circle_grid_a, hangedman_vaults_capsules, serial_shops,
          bzr_firewalk
Crypt:1:  due_unseen_surprise, uniq_khufu, uniq_jory
Crypt:2:  roderic_lattice_octagonal_star
Crypt:3:  lightli_unholy_cathedral
Lab:      labyrinth_hidden_loot, lab_block, nicolae_lab_arrow,
          nicolae_lab_blocks, labyrinth_skeletal_remains, nicolae_lab_do_over,
          nicolae_lab_checkerboard
Bazaar:   bazaar_lake, bazaar_kb_twisted_cavern
IceCv:    ice_cave_small_necro

Skill      XL: |  1  2  3  4  5  6  7  8  9 10 11 12 13 14 15 16 17 18 19 20 21 22 23 24 25 |
---------------+----------------------------------------------------------------------------+-----
Shields        | 4 5 6 8 9 10 11 12 14 15 17 19 20 21 22 23 25 26 27 | 27.0
Armour         | 4 5 6 7 8 9 10 11 12 13 14 15 16 17 18 | 18.4
Fighting       | 4 5 6 7 8 9 10 11 12 13 14 15 16 17 18 19 20 21 22 | 22.0
Long Blades    | 3 4 5 7 8 10 12 13 14 15 16 17 18 19 20 21 22 23 | 23.6
Dodging        | 1 2 3 4 5 6 7 |  7.5
Invocations    | 2 4 6 8 9 10 11 12 13 14 15 16 17 18 19 20 | 20.5

Action                   |  1- 3 |  4- 6 |  7- 9 | 10-12 | 13-15 | 16-18 | 19-21 | 22-24 | 25-27 || total
-------------------------+-------+-------+-------+-------+-------+-------+-------+-------+-------++-------
Melee: Long sword        |    80 |   163 |   274 |       |       |    27 |       |       |       ||   544
       Headbutt          |     8 |    45 |    78 |   117 |   312 |   448 |   604 |   800 |    61 ||  2473
       Scimitar          |       |       |    30 |   561 |  1270 |  1709 |  1755 |  1958 |   148 ||  7431
Invok: Divine Shield     |       |       |       |     1 |     4 |     5 |    14 |     6 |     1 ||    31
       Cleansing Flame   |       |       |       |       |     2 |       |       |     8 |     4 ||    14
       Summon Divine War |       |       |       |       |     4 |       |     3 |     5 |       ||    12
Evoke: Wand              |       |       |       |       |       |     2 |     1 |     3 |     1 ||     7
  Use: Scroll            |       |     4 |     5 |    18 |    13 |     8 |    17 |    12 |     2 ||    79
       Potion            |       |       |     2 |     1 |     3 |     2 |     8 |     7 |     6 ||    29
 Stab: Sleeping          |       |     1 |       |       |       |       |       |       |       ||     1
       Petrifying        |       |       |       |       |     3 |       |       |       |       ||     3
       Petrified         |       |       |       |       |     2 |       |       |       |       ||     2
  Eat: Chunk             |       |     7 |     8 |    15 |    28 |    27 |    29 |    17 |       ||   131
       Fruit             |       |     1 |     2 |     1 |     2 |     2 |     1 |     3 |       ||    12
       Meat ration       |       |       |       |       |     1 |     2 |       |     3 |       ||     6
       Beef jerky        |       |       |       |       |     1 |     1 |     1 |     3 |       ||     6
       Pizza             |       |       |       |       |       |       |     2 |     1 |       ||     3
       Bread ration      |       |       |       |       |       |       |       |     2 |     4 ||     6
Armor: Scale mail        |    37 |    21 |       |       |       |       |       |       |       ||    58
       Plate armour      |       |    49 |   131 |    48 |       |    44 |   270 |       |       ||   542
       Storm dragon scal |       |       |       |   156 |   368 |   413 |       |       |       ||   937
       Gold dragon scale |       |       |       |       |       |       |     7 |   436 |    85 ||   528
Dodge: Dodged            |    15 |    36 |    57 |    80 |   219 |   287 |   198 |   216 |    46 ||  1154
Block: Shield            |    34 |    77 |   171 |   150 |       |       |       |       |       ||   432
       Large shield      |       |       |       |   296 |  1405 |  2045 |  2008 |  2253 |   310 ||  8317
       Reflection        |       |       |       |       |       |    37 |   173 |    56 |       ||   266
       Rpst.: Long sword |     4 |    10 |    13 |       |       |     1 |       |       |       ||    28
       Scimitar          |       |       |     1 |    23 |    31 |    36 |    46 |    34 |    15 ||   186
